 Dungeon Crawl Stone Soup version 0.30.0-17-ge0270778cf (webtiles) character file.

Game seed: 10628771465182556400

40 hawla the Firebug (level 4, -2/33 HPs)
             Began as a Meteoran Fire Elementalist on May 22, 2023.
             Slain by an iguana (10 damage)
             ... on level 3 of the Dungeon.
             The game lasted 00:04:25 (290 turns).

hawla the Firebug (Meteoran Fire Elementalist)       Turns: 290, Time: 00:04:26

Health: -2/33      AC:  2    Str:  9    XL:     4   Next: 0%
Magic:  8/10       EV: 13    Int: 18    God:
Gold:   33         SH:  0    Dex: 15    Spells: 6/9 levels left

rFire   . . .        (no weapon)
rCold   . . .        (no shield)
rNeg    . . .        a - +0 robe
rPois   .            (no helmet)
rElec   .            (no cloak)
rCorr   .            (no gloves)
SInv    .            (no boots)
Will    .....        (no amulet)
Stlth   +            (no ring)
HPRegen 0.25/turn    (no ring)
MPRegen 0.12/turn

%: no passive effects
@: glowing
A: sense surroundings 1, otherworldly, glowing, explore regen
a: no special abilities


You were on level 3 of the Dungeon.
You visited 1 branch of the dungeon, and saw 4 of its levels.

You collected 33 gold pieces.

Inventory:

Armour
 a - a +0 robe (worn)


   Skills:
 + Level 2.7 Dodging
 - Level 1.4 Stealth
 + Level 3.4 Spellcasting
 + Level 1.6 Conjurations
 + Level 4.5 Fire Magic


You had 6 spell levels left.
You knew the following spells:

 Your Spells              Type           Power      Damage    Failure   Level
a - Foxfire               Conj/Fire      56%        2x1d6     4%          1
b - Scorch                Fire           38%        2d7       3%          2

Your spell library contained the following spells:

 Spells                   Type           Power      Damage    Failure   Level
 Magic Dart               Conj           32%        1d4       9%          1
 Searing Ray              Conj           16%        2d5       12%         2
 Beastly Appendage        Tmut           6%         N/A       16%         1
 Inner Flame              Hex/Fire       11%        N/A       19%         3
 Volatile Blastmotes      Fire/Tloc      22%        2d11      19%         3
 Wereblood                Tmut           3%         N/A       24%         2
 Flame Wave               Conj/Fire      14%        2d6       41%         4
 Spider Form              Tmut/Pois      3%         N/A       43%         3
 Fulminant Prism          Conj/Hex       3%         3d5       73%         4


Dungeon Overview and Level Annotations

Branches:
Dungeon (4/15) Zot: 2108
 Temple: D:4-7

Altars:

Shops:
D:2 ?   D:3 =

Annotations:
D:2 Sigmund


Innate Abilities, Weirdness & Mutations

You passively map a small area around you.
You are easily found by Zot.
You glow in the dark.
You regain HP and MP as you explore.


Message History

* * * LOW HITPOINT WARNING * * *
You feel sick.
The foxfire hits the adder.
You kill the adder!
The foxfire hits the ball python.
You kill the ball python!
You have reached level 4!
* * * LOW HITPOINT WARNING * * *
You feel sick.
* * * LOW HITPOINT WARNING * * *
You feel sick. The iguana closely misses you.
Found a stone staircase leading up.
* * * LOW HITPOINT WARNING * * *
You feel sick. The iguana attacks as you move away!
The iguana bites you but does no damage.
Found a stone staircase leading up.
* * * LOW HITPOINT WARNING * * *
You feel sick.
You are no longer poisoned.
Found a ring mail.
The ogre is no longer more vulnerable to fire.
Your magical contamination has completely faded away.
There is a stone staircase leading up here.
The iguana closely misses you.
You climb upwards.
The adder hisses angrily.
The bat barely misses you.
Found a mace.
Found a stone staircase leading up.
There is a stone staircase leading down here.
Casting: Foxfire (safe; 4% risk of failure)
Confirm with . or Enter, or press ? or * to list all spells.
Flames lash the iguana.
The iguana is heavily wounded.
The iguana's fire resistance burns away.
You hear an angry hiss.
The bat closely misses you. The bat barely misses you. The bat hits you.
* * * LOW HITPOINT WARNING * * *
A rat comes into view.
The iguana bites you!
You die...

, ..r , * *,
..., ,* , ,
, * #.. * ,
#..* * , *
####.. *
..<.) *
*#.b#######.
#.l@...S...,
#####.####.
# , ,* * * *
*, * * , , *


You could see an iguana (combustible), an adder, a bat and a rat.

Vanquished Creatures
  3 adders
  A worm (D:2)
  A giant cockroach (D:4)
  2 hobgoblins
  A kobold (D:2)
  3 ball pythons
  2 frilled lizards (D:2)
13 creatures vanquished.

Vanquished Creatures (others)
  38 foxfires
38 creatures vanquished.

Grand Total: 51 creatures vanquished

Notes
Turn   | Place    | Note
-------+----------+-------------------------------------------
     0 | D:1      | hawla the Meteoran Fire Elementalist began the quest for
                  | the Orb.
     0 | D:1      | Reached XP level 1. HP: 14/14 MP: 5/5
    78 | D:2      | Found Xiqups's Magic Scroll Shoppe.
   113 | D:2      | Reached XP level 2. HP: 20/20 MP: 0/6
   128 | D:2      | Noticed Sigmund
   142 | D:3      | Learned a level 2 spell: Scorch
   146 | D:2      | Reached skill level 4 in Fire Magic
   175 | D:3      | Found Vodopnanlo's Jewellery Boutique.
   180 | D:3      | Reached XP level 3. HP: 26/26 MP: 2/8
   257 | D:4      | Noticed an ogre
   276 | D:4      | HP: 1/26 [constriction (1)]
   278 | D:4      | Reached XP level 4. HP: 3/33 MP: 6/10
   281 | D:4      | HP: 1/33 [poisoned by an adder]
   290 | D:3      | Slain by an iguana

Illustrated notes

Levels and vault maps discovered:
D:1:      dpeg_arrival_round_b, layout_loops_ring, corexii_leaking_fountain,
          grunt_decor_one_mirror, nrook_mini_vaults,
          hangedman_decor_clover_reticule
D:2:      layout_basic, serial_shops, shop, uniq_sigmund
D:3:      layout_loops_ring, nicolae_overflow_quartered_altars, serial_shops,
          nicolae_shop_pleasant_corner_grove, amethyst_killhole
D:4:      layout_cave_pools, minmay_temple_entry_statues_fountains,
          minmay_increasing_density, uniq_grinder

Skill      XL: |  1  2 |
---------------+-------+-----
Spellcasting   | 3 |  3.4
Fire Magic     | 4 |  4.5
Dodging        | |  2.7
Stealth        | |  1.4
Conjurations   | |  1.6

Action                     |  1- 3 |  4- 6 || total
---------------------------+-------+-------++-------
  Melee: Unarmed           |     1 |       ||     1
   Cast: Foxfire           |    22 |       ||    22
         Scorch            |     6 |     1 ||     7
    Use: Scroll            |     3 |       ||     3
         Potion            |     1 |       ||     1
 Armour: Robe              |     4 |     1 ||     5
  Dodge: Dodged            |    13 |     5 ||    18
